AoeStats
← Snobyman

Fortress

509308275Analyzed
4v4 RM · 7d ago on Sep 26, 2026· 61m 11s· 8 players
Game mode
Random Map
Map size
Huge
Population
200
Speed
Normal
Resources
Standard
Victory
Conquest
Starting age
Dark Age
Ending age
Imperial Age
RankedLock teamsTeams togetherTeam positionsShared explorationLock speedFull tech treeHidden civsTurbo modeCheats
Victory
Defeat
🇨🇴 Goths · Colombia
696
+14
🇨🇳 Khmer · China
619
+18
🇩🇪 Wei · Germany
582
+19
🇨🇳 Persians · China
504
+22
🇯🇴 Varangians · Jordan
737
-21
🇻🇳 Ethiopians · Vietnam
723
-21
🇻🇳 Vietnamese · Vietnam
684
-20
🇦🇺 Khmer · Australia
462
-11
LAI32
9:15 Feudal Age
9:35 Double-Bit Axe
9:35 Horse Collar
11:10 Wheelbarrow
15:51 Castle Age
18:26 Heavy Plow
18:38 Bow Saw
18:32 Gold Mining
18:33 Stone Mining
19:57 Hand Cart
22:43 Kamandaran
28:52 Imperial Age
25:51 Crossbowman
26:37 Thumb Ring
27:37 Fletching
27:48 Padded Archer Armor
30:37 Elite War Elephant
34:00 Citadels
34:12 Conscription
34:42 Gold Shaft Mining
36:31 Leather Archer Armor
36:12 Bodkin Arrow
36:28 Forging
37:41 Ballistics
38:31 Crop Rotation
39:05 Two-Man Saw
38:40 Ring Archer Armor
42:00 Iron Casting
46:31 Blast Furnace
47:00 Chemistry
47:15 Caravan
49:58 Heated Shot
55:18 Scale Barding Armor
55:15 Scale Mail Armor
58:38 Coinage
58:18 Guilds
1279332839
0:29 Loom
8:43 Feudal Age
12:38 Castle Age
11:18 Horse Collar
12:04 Double-Bit Axe
14:03 Bow Saw
16:54 Heavy Plow
18:55 Gold Mining
18:55 Stone Mining
21:26 Gold Shaft Mining
21:27 Stone Shaft Mining
24:29 Bloodlines
28:00 Imperial Age
25:58 Light Cavalry
26:38 Husbandry
28:41 Wheelbarrow
28:12 Scale Barding Armor
28:18 Forging
29:00 Hussar
30:02 Chain Barding Armor
29:53 Town Watch
31:04 Iron Casting
34:00 Caravan
33:33 Heavy Scorpion
35:49 Plate Barding Armor
40:10 Blast Furnace
40:55 Onager
45:13 Cavalier
45:14 Elite Battle Elephant
45:33 Capped Ram
46:37 Double Crossbow
50:03 Hand Cart
49:49 Town Patrol
50:00 Tusk Swords
49:28 Siege Ram
52:59 Man-at-Arms
61:24 Crop Rotation
Fulgur
8:30 Feudal Age
9:11 Double-Bit Axe
12:31 Forging
12:22 Scale Mail Armor
12:29 Scale Barding Armor
14:02 Town Watch
14:03 Loom
14:57 Wheelbarrow
14:51 Horse Collar
20:32 Castle Age
19:18 Fletching
21:25 Light Cavalry
22:17 Bloodlines
23:15 Iron Casting
25:41 Anarchy
27:35 Hand Cart
27:31 Town Patrol
32:22 Pikeman
33:03 Squires
39:15 Caravan
40:00 Squires
39:52 Treadmill Crane
40:33 Ballistics
40:26 Masonry
42:36 Heavy Plow
42:31 Gold Mining
42:31 Stone Mining
43:03 Chain Mail Armor
43:08 Husbandry
43:40 Chain Barding Armor
48:08 Imperial Age
50:25 Conscription
50:07 Perfusion
50:13 Halberdier
54:00 Blast Furnace
56:59 Crop Rotation
56:01 Elite Huskarl
56:03 Heavy Scorpion
LordEistee
11:10 Feudal Age
13:47 Wheelbarrow
13:12 Double-Bit Axe
13:09 Horse Collar
16:53 Castle Age
28:54 Bow Saw
29:23 Padded Archer Armor
29:13 Fletching
30:25 Thumb Ring
31:45 Hand Cart
32:00 Tuntian
34:16 Fortified Wall
34:48 Gold Mining
34:48 Stone Mining
35:00 Heavy Plow
41:29 Gold Shaft Mining
41:29 Stone Shaft Mining
42:38 Caravan
42:15 Crossbowman
51:47 Imperial Age
49:32 Elite Skirmisher
53:30 Leather Archer Armor
53:10 Bodkin Arrow
53:26 Forging
53:21 Scale Barding Armor
53:17 Scale Mail Armor
54:20 Chemistry
53:40 Ballistics
53:11 Heated Shot
53:18 Murder Holes
58:59 Ming Guang Armor
61:04 Elite Tiger Cavalry
duchuy2442
8:36 Feudal Age
13:34 Wheelbarrow
13:39 Double-Bit Axe
13:36 Horse Collar
14:31 Fletching
19:02 Castle Age
17:07 Padded Archer Armor
17:08 Gold Mining
20:05 Heavy Plow
20:24 Bow Saw
20:14 Bodkin Arrow
21:02 Thumb Ring
22:38 Caravan
29:07 Stone Mining
34:36 Imperial Age
32:57 Ballistics
32:57 Leather Archer Armor
36:32 Chemistry
34:59 Elite Fire Lancer
35:41 Squires
36:03 Elite Rattan Archer
37:05 Paper Money
37:04 Bracer
41:41 Forging
43:04 Bloodlines
42:57 Husbandry
42:24 Light Cavalry
44:07 Iron Casting
45:24 Two-Man Saw
Shehadeh almaqdesy
0:42 Loom
7:24 Feudal Age
9:11 Wheelbarrow
10:11 Horse Collar
10:18 Double-Bit Axe
12:29 Gold Mining
12:29 Stone Mining
18:42 Castle Age
19:54 Hand Cart
21:41 Fervor
24:52 Caravan
29:37 Imperial Age
29:29 Heavy Plow
30:16 Bow Saw
30:44 Stone Shaft Mining
31:33 Husbandry
31:43 Bloodlines
33:00 Conscription
32:06 Elite Jarl
33:06 Conscription
32:10 Gothikon
34:54 Crop Rotation
34:41 Light Cavalry
34:41 Cavalier
35:36 Forging
35:31 Scale Barding Armor
35:26 Scale Mail Armor
37:28 Town Watch
38:39 Iron Casting
38:19 Chain Mail Armor
38:31 Chain Barding Armor
40:02 Murder Holes
39:51 Elite Varangian Guard
40:54 Hussar
47:34 Blast Furnace
47:11 Plate Barding Armor
Snobyman
1:29 Loom
8:13 Feudal Age
9:37 Wheelbarrow
8:52 Double-Bit Axe
8:54 Horse Collar
9:08 Gold Mining
16:12 Castle Age
18:24 Hand Cart
19:21 Bow Saw
19:54 Gold Shaft Mining
19:25 Heavy Plow
20:17 Arson
23:12 Pikeman
28:34 Caravan
29:05 Coinage
29:16 Stone Mining
30:48 Stone Shaft Mining
quachvanhao2040
7:30 Feudal Age
12:27 Castle Age
10:56 Gold Mining
11:14 Double-Bit Axe
11:48 Fletching
12:32 Crossbowman
13:34 Padded Archer Armor
15:22 Horse Collar
19:41 Stone Mining
24:59 Heavy Plow
25:12 Forging
26:19 Scale Mail Armor
28:05 Wheelbarrow
27:55 Royal Heirs
29:12 Iron Casting
29:41 Gold Shaft Mining
33:58 Imperial Age
31:14 Loom
31:15 Town Watch
34:35 Chain Mail Armor
35:12 Capped Ram
35:22 Halberdier
35:44 Elite Shotel Warrior
36:39 Squires
42:09 Plate Mail Armor
42:39 Blast Furnace
44:53 Stone Shaft Mining
49:07 Ballistics
51:00 Guilds
51:21 Coinage
60:32 Blast Furnace
Connection lost

Rejoining the realm…

Still unreachable

The connection could not be restored.

Session expired

The server has moved on; the page needs a fresh start.